Map: Ruins of Endion

Players

blackxored

  • Race: Zerg Zerg
  • League: Diamond

Chmurtz - Winner!

  • Race: Zerg Zerg
  • League: Platinum

VOD

Have the link to the VOD?

Description

Time

  • Played on: July 3, 2016, 6:18 a.m.
  • Length: 8:07
Show
View Real Time Build Order
Export as new Build Order

blackxored Zerg 

Build Orders: Pool First, Zergling Baneling 

Get SALT Encoding   

  12  0:01  Drone  
  13  0:08  Drone  
  14  0:16  Extractor, Drone  
  14  0:32  Spawning Pool  
  14  0:35  Drone  
  14  0:44  Overlord  
  14  0:51  Extractor  
  14  0:53  Drone  
  15  1:06  Drone x2  
  15  1:10  Drone  
  18  1:19  Metabolic Boost  
  18  1:26  Queen  
  20  1:34  Overlord  
  20  1:37  Drone  
  21  1:47  Baneling Nest  
  20  1:57  Zergling x2  
  20  1:58  Zergling x2  
  22  2:02  Zergling x2  
  23  2:13  Zergling x2  
  24  2:25  Hatchery  
  23  2:30  Drone  
  24  2:46  Baneling  
  24  2:47  Baneling  
  24  2:50  Zergling x4  
  24  2:51  Zergling x4  
  27  3:01  Zergling x2  
  25  3:20  Zergling x6  
  25  3:21  Baneling  
  28  3:32  Zergling x2  
  29  3:46  Zergling x6  
  24  3:55  Baneling  
  21  4:10  Zergling x10  
  26  4:18  Drone  
  26  4:19  Queen  
  26  4:20  Queen  
  26  4:23  Zergling x2  
  32  4:28  Baneling x2  
  32  4:29  Baneling x2  
  32  4:38  Zergling x6  
  34  4:48  Zergling x2  
  34  4:57  Zergling x4  
  26  5:13  Zergling x6  
  28  5:16  Baneling  
  28  5:17  Baneling  
  28  5:23  Baneling  
  28  5:27  Drone x3  
  31  5:32  Baneling  
  31  5:33  Baneling x2  
  31  5:37  Zergling x2  
  31  5:38  Zergling x2  
  33  5:49  Drone x2  
  34  6:22  Extractor  
  33  6:27  Overlord x3  
  33  6:44  Queen  
  34  6:57  Drone x3  
  34  6:58  Drone  
  34  6:59  Drone x2  
  34  7:00  Drone  
  41  7:02  Lair  
  41  7:07  Drone x3  
  44  7:12  Drone x2  
  46  7:22  Hatchery  
  40  7:39  Drone x8  
  40  7:44  Roach Warren, Drone  
  49  7:47  Drone  
  49  7:48  Extractor  
  48  8:01  Evolution Chamber  
  48  8:03  Spire  
Show
View Real Time Build Order
Export as new Build Order

Chmurtz Zerg - Winner!

Build Orders: Hatch First 

Get SALT Encoding   

  12  0:02  Drone  
  13  0:17  Overlord  
  13  0:19  Drone  
  14  0:36  Drone x2  
  16  0:52  Hatchery  
  16  0:53  Drone  
  16  0:57  Extractor  
  15  1:13  Spawning Pool  
  15  1:15  Drone  
  15  1:21  Drone  
  15  1:23  Drone  
  17  1:34  Drone  
  18  1:44  Overlord  
  18  2:00  Queen  
  20  2:03  Metabolic Boost  
  20  2:19  Baneling Nest  
  20  2:20  Zergling x8  
  23  2:27  Overlord  
  23  2:35  Zergling x4  
  25  2:53  Queen  
  27  3:14  Spine Crawler  
  23  3:20  Zergling x12  
  29  3:34  Zergling x4  
  28  3:54  Zergling x4  
  28  3:55  Zergling x4  
  31  4:13  Zergling x2  
  31  4:15  Baneling  
  31  4:16  Baneling x5  
  29  4:18  Queen  
  29  4:22  Drone x3  
  34  4:37  Spine Crawler  
  29  5:14  Drone x4  
  29  5:15  Drone x2  
  29  5:17  Queen  
  36  5:26  Overlord  
  36  5:27  Roach Warren  
  35  5:54  Drone x3  
  35  5:55  Drone x4  
  42  6:00  Overlord  
  42  6:01  Overlord  
  42  6:03  Lair  
  41  6:28  Overlord  
  41  6:29  Roach x2  
  41  6:30  Roach x3  
  53  6:47  Roach x4  
  59  6:56  Pneumatized Carapace  
  59  7:02  Roach x4  
  59  7:07  Baneling x4  
  67  7:11  Extractor  
  67  7:13  Evolution Chamber  
  65  7:15  Spine Crawler  
  65  7:19  Roach  
  65  7:44  Zergling x6  
Tags
 
Add a new tag
Caveats
  • Supply blocks, unpowered buildings, or Contaminate may cause inaccurate times.
  • Supply counts are checked every 10 seconds.